 Dungeon Crawl Stone Soup version 0.22.0 (webtiles) character file.

6712 CyclopB the Basher (level 10, -1/85 HPs)
             Began as a Troll Gladiator on Dec 26, 2018.
             Was a Believer of Trog.
             Slain by a wolf (5 damage)
             ... on level 1 of the Lair of Beasts.
             The game lasted 00:48:50 (10027 turns).

CyclopB the Basher (Troll Gladiator)               Turns: 10027, Time: 00:48:52

Health: -1/85      AC:  5    Str: 27    XL:     10   Next: 74%
Magic:  10/10      EV: 10    Int:  4    God:    Trog [**....]
Gold:   564        SH:  0    Dex: 13    Spells: 9/9 levels left

rFire    . . .     SeeInvis .   z - +5 flail
rCold    . . .     Gourm    +   (no shield)
rNeg     + . .     Faith    .   b - +0 robe
rPois    .         Spirit   .   c - +0 hat
rElec    .         Reflect  .   (no cloak)
rCorr    .         Harm     .   (gloves unavailable)
MR       ++...                  (boots unavailable)
Stlth    +.........             (no amulet)
HPRegen  1.64/turn              j - +2 ring of strength
MPRegen  0.12/turn              y - ring of positive energy

@: confused, regenerating
A: large, unfitting armour, claws 3, fast metabolism 3, gourmand, regeneration
1, shaggy fur 1, tough skin 2
a: Berserk, Trog's Hand, Renounce Religion


You were on level 1 of the Lair of Beasts.
You worshipped Trog.
Trog was pleased with you.
You were not hungry.

You visited 3 branches of the dungeon, and saw 12 of its levels.

You collected 588 gold pieces.
You spent 24 gold pieces at shops.

Inventory:

Hand Weapons
 z - a +5 flail (weapon)
 B - a +0 morningstar
 C - a +0 giant club
Missiles
 d - 3 throwing nets
 i - 276 stones (quivered)
 o - 11 tomahawks
Armour
 b - a +0 robe (worn)
 c - a +0 hat (worn)
Jewellery
 j - a +2 ring of strength (left claw)
 t - an uncursed ring of protection from magic {unknown}
 y - a ring of positive energy (right claw)
Wands
 A - a wand of flame (12)
 D - a wand of scattershot (8)
 H - a wand of acid (4)
 I - a wand of random effects (16)
Scrolls
 a - a scroll of summoning {unknown}
 e - 2 scrolls of random uselessness {unknown}
 g - 5 scrolls of teleportation
 h - a scroll of magic mapping {unknown}
 l - 4 scrolls of identify
 m - a scroll of enchant weapon
 n - a scroll of fog {unknown}
 q - 3 scrolls of remove curse {unknown}
 r - 4 scrolls of immolation
 w - 2 scrolls of fear {unknown}
 x - 2 scrolls of amnesia {unknown}
Potions
 p - 10 potions of curing
 s - a potion of might {unknown}
 u - a potion of mutation {unknown}
 v - 3 potions of flight
 E - 3 potions of heal wounds {unknown}
 F - a potion of haste
 G - a potion of lignification
 J - a potion of cancellation
Comestibles
 f - 17 rations


   Skills:
 - Level 1.5 Fighting
 - Level 14.0 Maces & Flails
 + Level 3.9 Throwing
 - Level 2.4 Dodging
 - Level 2.1 Evocations


You had 9 spell levels left.
You didn't know any spells.
Your spell library was empty.

Dungeon Overview and Level Annotations

Branches:
Dungeon (10/15)            Temple (1/1) D:6            Lair (1/6) D:10
    Orc: D:9-12

Altars:
Ashenzari
Cheibriados
Dithmenos
Elyvilon
Fedhas
Gozag
Hepliaklqana
Kikubaaqudgha
Makhleb
Nemelex Xobeh
Okawaru
Qazlal
Ru
Sif Muna
Trog
Uskayaw
Vehumet
Wu Jian
Xom
Yredelemnul
Zin
The Shining One

Shops:
D:4 ?

Portals:
Trove: D:10 (give 14 potions of heal wounds)

Annotations:
D:5 2 transporters, lepoulpe303's ghost, novice SpEn


Innate Abilities, Weirdness & Mutations

You are too large for most types of armour.
You have claws for hands.
Your metabolism is lightning-fast.
You like to eat raw meat.
Your natural rate of healing is unusually fast.
You are covered in fur. (AC +1)
You have very tough skin. (AC +2)


Message History

The wolf barely misses you. x2
You sock the wolf!
You kill the wolf!
Trog accepts your kill. The wolf bites you but does no damage.
You bump into the rock wall.
The wolf bites you!
* * * LOW HITPOINT WARNING * * *
The wolf bites you but does no damage.
You miss the wolf.
A wolf comes into view.
The wolf bites you.
* * * LOW HITPOINT WARNING * * *
The wolf completely misses you.
You barely miss the wolf.
The wolf howls!
The wolf pauses to sniff the ground.
The wolf bites you!
* * * LOW HITPOINT WARNING * * *
The wolf bites you.
You die...

####.###.####.##
#..............#
##..............+
#...............#
#............(.#
##>.......(.....#
#......<........#
##..............#
##.####@########
# #hhh.# #.##...#
### #.# .?


You could see 3 wolves.

Vanquished Creatures
  Erica (D:9)
  2 two-headed ogres (D:10)
  A troll (D:10)
  A hornet (D:9)
  A hippogriff (D:7)
  A yak (D:10)
  A hungry ghost (D:8)
  A water moccasin (D:8)
  3 orc warriors
  2 porcupines
  An ice beast (D:5)
  A black bear (D:10)
  2 wolves (Lair:1)
  A phantom (D:5)
  5 ogres
  A centaur (D:5)
  2 big kobolds
  A gnoll sergeant (D:8)
  4 bullfrogs
  4 scorpions
  5 wights (D:10)
  3 howler monkeys
  2 quasits
  3 crimson imps
  3 hounds
  2 bullfrog skeletons
  5 jellies
  6 orc priests
  9 orc wizards
  2 centaur skeletons
  An iron imp (D:9)
  3 iguanas
  2 worker ants
  2 hound zombies
  3 gnolls (D:8)
  A howler monkey skeleton (D:9)
  2 worker ant zombies
  10 adders
  A shadow imp (D:5)
  3 oozes
  2 adder skeletons
  A worm (D:4)
  4 dart slugs
  5 leopard geckos
  45 orcs
  2 ball pythons
  6 bats
  6 giant cockroaches
  7 hobgoblins
  9 jackals
  24 kobolds
  6 quokkas
  6 frilled lizards
  18 goblins
  14 rats
259 creatures vanquished.

Notes
Turn   | Place    | Note
-------+----------+-------------------------------------------
     0 | D:1      | CyclopB the Troll Gladiator began the quest for the Orb.
     0 | D:1      | Reached XP level 1. HP: 19/19 MP: 0/0
    13 | D:1      | Reached skill level 3 in Maces & Flails
    54 | D:1      | You fall through a shaft!
    90 | D:2      | Reached XP level 2. HP: 3/27 MP: 1/1
   277 | D:2      | Reached XP level 3. HP: 28/33 MP: 2/2
   283 | D:2      | Reached skill level 4 in Maces & Flails
   544 | D:1      | Reached XP level 4. HP: 41/41 MP: 3/3
  1166 | D:2      | You fall through a shaft!
  1182 | D:3      | Reached skill level 5 in Maces & Flails
  1377 | D:2      | Reached XP level 5. HP: 47/48 MP: 4/4
  2795 | D:4      | Found a radiant altar of Vehumet.
  2795 | D:4      | Found a shadowy altar of Dithmenos.
  2795 | D:4      | Found a burning altar of Makhleb.
  2795 | D:4      | Found a white marble altar of Elyvilon.
  2795 | D:4      | Found a stormy altar of Qazlal.
  2803 | D:4      | Found a sparkling altar of Nemelex Xobeh.
  2828 | D:4      | Found a hazy altar of Hepliaklqana.
  2910 | D:4      | Reached skill level 6 in Maces & Flails
  2923 | D:4      | Found a shimmering altar of Xom.
  2927 | D:4      | Noticed an angel
  2940 | D:4      | Found a glowing silver altar of Zin.
  3062 | D:4      | Reached XP level 6. HP: 46/55 MP: 5/5
  3113 | D:4      | Found Guywis's Magic Scroll Boutique.
  3118 | D:4      | Bought a scroll of identify for 24 gold pieces
  3354 | D:4      | Found a burning altar of Makhleb.
  3611 | D:5      | Entered Level 5 of the Dungeon
  3873 | D:5      | Reached skill level 7 in Maces & Flails
  3980 | D:5      | Noticed lepoulpe303's ghost (novice SpEn)
  3982 | D:5      | Found an opulent altar of Gozag.
  3986 | D:5      | Found a transporter.
  4009 | D:5      | Reached XP level 7. HP: 62/62 MP: 6/6
  4045 | D:5      | Reached skill level 8 in Maces & Flails
  4258 | D:5      | Reached skill level 9 in Maces & Flails
  4258 | D:5      | Reached XP level 8. HP: 59/70 MP: 7/7
  4528 | D:5      | Found a transporter.
  4854 | D:6      | Found a staircase to the Ecumenical Temple.
  4869 | Temple   | Entered the Ecumenical Temple
  5084 | Temple   | Became a worshipper of Trog the Wrathful
  5490 | D:7      | Noticed a hippogriff
  5563 | D:7      | Reached skill level 10 in Maces & Flails
  6473 | D:8      | Reached skill level 11 in Maces & Flails
  6473 | D:8      | Reached XP level 9. HP: 44/76 MP: 8/8
  6663 | D:8      | Reached * piety under Trog
  7186 | D:8      | You fall through a shaft for 2 floors!
  7186 | D:10     | Entered Level 10 of the Dungeon
  7273 | D:10     | Noticed a two-headed ogre
  7281 | D:10     | Killed a two-headed ogre
  7281 | D:10     | Reached skill level 12 in Maces & Flails
  7407 | D:9      | Reached skill level 1 in Evocations
  7692 | D:9      | Noticed Erica
  7701 | D:9      | Killed Erica
  7701 | D:9      | Reached XP level 10. HP: 85/85 MP: 10/10
  7797 | D:9      | Found a snail-covered altar of Cheibriados.
  7897 | D:9      | Reached ** piety under Trog
  8096 | D:9      | Found a stormy altar of Qazlal.
  8153 | D:9      | Reached skill level 13 in Maces & Flails
  8174 | D:9      | Paralysed by a hornet for 2 turns
  8678 | D:7      | Found a hide-covered altar of Uskayaw.
  9445 | D:10     | Found a portal to a secret trove of treasure.
  9610 | D:10     | Found a staircase to the Lair.
  9767 | D:10     | Noticed a two-headed ogre
  9775 | D:10     | Killed a two-headed ogre
  9775 | D:10     | Reached skill level 14 in Maces & Flails
  9997 | Lair:1   | Entered Level 1 of the Lair of Beasts
 10022 | Lair:1   | HP: 4/85 [wolf (6)]
 10027 | Lair:1   | HP: 4/85 [wolf (8)]
 10027 | Lair:1   | Slain by a wolf

Skill      XL: |  1  2  3  4  5  6  7  8  9 10 |
---------------+-------------------------------+-----
Maces & Flails | 3 4 5 6 7 9 11 12 14 | 14.0
Evocations     | 2 |  2.1
Throwing       | 2 3 |  3.9
Fighting       | |  1.5
Dodging        | |  2.4

Action                   |  1- 3 |  4- 6 |  7- 9 | 10-12 || total
-------------------------+-------+-------+-------+-------++-------
Melee: Flail             |    88 |   250 |   328 |   137 ||   803
Throw: Stone             |    17 |    82 |   133 |    49 ||   281
       Tomahawk          |       |       |       |     2 ||     2
Invok: Berserk           |       |       |     2 |     4 ||     6
       Trog's Hand       |       |       |       |     1 ||     1
Evoke: Wand              |       |       |     4 |       ||     4
  Use: Scroll            |       |     3 |     3 |       ||     6
       Potion            |       |     3 |     4 |     2 ||     9
 Stab: Sleeping          |     1 |       |     1 |     1 ||     3
  Eat: Chunk             |    11 |    32 |    39 |    12 ||    94
       Ration            |       |       |       |     2 ||     2
Armor: Robe              |    31 |    61 |    83 |    19 ||   194
       Skin              |       |     6 |    15 |       ||    21
Dodge: Dodged            |    51 |   121 |   135 |    55 ||   362
